[Event "Titled Tuesday Blitz August 15 Late 2023"]
[White "ciroreva-CB"]
[Black "Kupervaser, Erez"]
[BlackFideId "2814587"]
[WhiteElo "2330"]
[BlackElo "2523"]
[Result "0-1"]
[Round "4"]
[TimeControl "180+1"]
[Date "2023.08.15"]
[WhiteClock "0:00:00"]
[BlackClock "0:00:20"]
[Board "120"]

1. e4 c5 2. Nf3 Nc6 3. d4 cxd4 4. Nxd4 Nf6 5. Nc3 e5 6. Ndb5 d6 7. Bg5 a6 8. Na3 b5 9. Bxf6 gxf6 10. Nd5 Bg7 11. g3 f5 12. Bg2 f4 13. c3 O-O 14. Nc2 a5 15. O-O Rb8 16. Qd2 Ne7 17. gxf4 Nxd5 18. exd5 Qh4 19. fxe5 Bxe5 20. f4 Bf6 21. Nd4 Kh8 22. Kh1 Bd7 23. Rae1 Rg8 24. Rg1 Rg6 25. Be4 Rh6 26. Nf3 Qh5 27. Ng5 Rf8 28. Bf3 Qh4 29. Qg2 Rg6 30. Be4 Rg7 31. Qg3 Qh5 32. Bf3 Qh6 33. h4 Bf5 34. Qf2 Rfg8 35. Qh2 b4 36. cxb4 axb4 37. Re2 Bd4 38. Rg3 f6 39. Ne4 Bxe4 40. Rxe4 Rxg3 41. Rxd4 Rxf3 42. Re4 Rf1+ 0-1


[Site "https://www.chess.com"]

[Event "Titled Tuesday Blitz August 15 Late 2023"]
[White "Osmak, Yuliia"]
[Black "Stachanczyk, Jacek"]
[WhiteFideId "14101602"]
[BlackFideId "1116657"]
[WhiteElo "2521"]
[BlackElo "2329"]
[Result "1-0"]
[Round "4"]
[TimeControl "180+1"]
[Date "2023.08.15"]
[WhiteClock "0:00:42"]
[BlackClock "0:00:09"]
[Board "121"]

1. d4 d5 2. c4 c6 3. cxd5 cxd5 4. Bg5 Nc6 5. Nc3 a6 6. e4 dxe4 7. d5 Ne5 8. Qa4+ Bd7 9. Qxe4 Ng4 10. Bd3 Qb6 11. Qe2 h6 12. Bf4 g5 13. Bg3 Bg7 14. Nf3 N4f6 15. O-O Bg4 16. Rfe1 h5 17. h3 h4 18. Be5 Bh5 19. Ne4 g4 20. hxg4 Bxg4 21. Bxf6 Bxf6 22. d6 e6 23. Nxf6+ Nxf6 24. Qe5 Qd8 25. d7+ Kf8 26. Ng5 h3 27. gxh3 Bxh3 28. Ne4 Rg8+ 29. Kh2 Nxd7 30. Qd6+ Qe7 31. Kxh3 Qxd6 32. Nxd6 Ke7 33. Nc4 Rg7 34. Re4 Rh8+ 35. Rh4 Rxh4+ 36. Kxh4 Nc5 37. Bf1 f5 38. f3 Kf6 39. Kh3 f4 40. Kh2 Rg3 41. Nd2 e5 42. Rc1 b6 43. Rxc5 bxc5 44. Ne4+ Kf5 45. Nxg3+ fxg3+ 46. Kxg3 1-0


[Site "https://www.chess.com"]

[Event "Titled Tuesday Blitz August 15 Late 2023"]
[White "Yedidia, Daniel"]
[Black "Carrasco Miranda, Andres"]
[WhiteFideId "30905907"]
[BlackFideId "3405990"]
[WhiteElo "2508"]
[BlackElo "2327"]
[Result "0-1"]
[Round "4"]
[TimeControl "180+1"]
[Date "2023.08.15"]
[WhiteClock "0:00:22"]
[BlackClock "0:00:56"]
[Board "122"]

1. d4 Nf6 2. c4 g6 3. Nc3 Bg7 4. e4 d6 5. Nf3 O-O 6. Be2 e5 7. Be3 Nc6 8. O-O Ng4 9. Bg5 f6 10. Bc1 Nh6 11. dxe5 dxe5 12. Qxd8 Nxd8 13. Nd5 c6 14. Ne7+ Kh8 15. Nxc8 Rxc8 16. Be3 c5 17. Rfd1 Rc7 18. a3 Ne6 19. b4 Nd4 20. Nxd4 cxd4 21. Bd2 Nf7 22. c5 Bh6 23. Be1 f5 24. exf5 gxf5 25. g3 Rd8 26. Bc4 Ng5 27. Kg2 e4 28. Ra2 d3 29. Bd2 Kg7 30. Bf4 Rcd7 31. h4 Nf3 32. Bxh6+ Kxh6 33. Be6 Rg7 34. Kh3 Kg6 35. g4 fxg4+ 36. Bxg4 Ne5 37. Be6 Kf6 38. Bb3 Nf3 39. Raa1 Ke5 40. b5 Rf8 41. c6 Rf4 42. cxb7 Rxh4# 0-1


[Site "https://www.chess.com"]

[Event "Titled Tuesday Blitz August 15 Late 2023"]
[White "Morgunov, Marc"]
[Black "Okike, David"]
[WhiteFideId "1640305"]
[BlackFideId "8500134"]
[WhiteElo "2504"]
[BlackElo "2327"]
[Result "1-0"]
[Round "4"]
[TimeControl "180+1"]
[Date "2023.08.15"]
[WhiteClock "0:00:16"]
[BlackClock "0:01:25"]
[Board "123"]

1. e4 c5 2. Nf3 Nc6 3. d4 cxd4 4. Nxd4 Nf6 5. Nc3 d6 6. Bg5 a6 7. Qd2 e6 8. O-O-O Bd7 9. f4 h6 10. Bh4 g5 11. fxg5 Ng4 12. Be2 Nge5 13. g3 Be7 14. gxh6 Bxh4 15. gxh4 Qxh4 16. Nxc6 Nxc6 17. Qxd6 Qxh6+ 18. Kb1 Rd8 19. Bc4 b5 20. Bxb5 axb5 21. Nxb5 f6 22. Qc5 Kf7 23. Rhg1 Ne7 24. Nd6+ Kf8 25. Rdf1 Rg8 26. Rxg8+ Kxg8 27. Qc7 Nc6 28. Nb7 Qf8 29. Nxd8 Qxd8 30. Qxd8+ Nxd8 31. Rd1 Bc6 32. Rxd8+ Kf7 33. b4 Bxe4 34. b5 f5 35. b6 Ke7 36. Rd4 Bc6 37. a4 e5 38. Rd1 f4 39. a5 Bb7 40. c4 e4 41. c5 e3 42. c6 Bxc6 43. a6 f3 44. b7 f2 45. b8=Q e2 46. Qe5+ Kf7 47. Qxe2 1-0


[Site "https://www.chess.com"]

[Event "Titled Tuesday Blitz August 15 Late 2023"]
[White "Daianu, Cristian-Clement"]
[Black "elpera"]
[WhiteFideId "1208926"]
[WhiteElo "2320"]
[BlackElo "2503"]
[Result "1-0"]
[Round "4"]
[TimeControl "180+1"]
[Date "2023.08.15"]
[WhiteClock "0:02:25"]
[BlackClock "0:01:38"]
[Board "124"]

1. e4 c5 2. Nf3 d6 3. d4 cxd4 4. Nxd4 Nf6 5. Nc3 a6 6. Qf3 e5 7. Nf5 g6 8. Ne3 Nc6 9. Ned5 Nxd5 10. Nxd5 Bg7 11. h4 Nd4 12. Qd1 Be6 13. c3 Bxd5 14. exd5 Nf5 15. Bd3 Ne7 16. c4 h6 17. O-O Rc8 18. b3 O-O 19. Be3 f5 20. Bc2 f4 21. Bd2 Nf5 22. Qg4 Qxh4 23. Bxf5 Qxg4 24. Bxg4 Rce8 25. b4 e4 26. Rae1 h5 27. Be6+ Kh7 28. Rxe4 Bd4 29. Rxd4 1-0


[Site "https://www.chess.com"]

[Event "Titled Tuesday Blitz August 15 Late 2023"]
[White "Garmendiarov"]
[Black "Peycheva, Gergana"]
[BlackFideId "2916711"]
[WhiteElo "2308"]
[BlackElo "2502"]
[Result "0-1"]
[Round "4"]
[TimeControl "180+1"]
[Date "2023.08.15"]
[WhiteClock "0:00:00"]
[BlackClock "0:00:17"]
[Board "125"]

1. e4 c6 2. d4 d5 3. e5 c5 4. Nf3 Nc6 5. dxc5 Bg4 6. Bb5 e6 7. b4 a5 8. c3 Ne7 9. Be3 Ng6 10. Bd4 Be7 11. Nbd2 O-O 12. Bxc6 bxc6 13. O-O Qc7 14. h3 Bf5 15. Qe2 Nf4 16. Qe3 Nd3 17. g4 Bg6 18. a3 h6 19. h4 Kh8 20. h5 Bh7 21. Kh1 f6 22. Nb3 fxe5 23. Nxe5 Bg5 24. Qe2 Nf4 25. Qf3 Be4 26. Ng6+ Kg8 27. Qxe4 dxe4 28. Be5 Qf7 29. Rad1 Nxg6 30. hxg6 Qf3+ 31. Kh2 Qxg4 32. Rd7 Qh4+ 33. Kg2 Bf6 0-1


[Site "https://www.chess.com"]

[Event "Titled Tuesday Blitz August 15 Late 2023"]
[White "Dr_Pepper18"]
[Black "Aydin, Gulenay"]
[BlackFideId "34557431"]
[WhiteElo "2305"]
[BlackElo "2499"]
[Result "0-1"]
[Round "4"]
[TimeControl "180+1"]
[Date "2023.08.15"]
[WhiteClock "0:00:02"]
[BlackClock "0:00:14"]
[Board "126"]

1. d4 Nf6 2. c4 g6 3. Nc3 Bg7 4. e4 d6 5. Be2 O-O 6. Be3 Nc6 7. Nf3 e5 8. d5 Ne7 9. O-O h6 10. h3 a5 11. c5 Nd7 12. cxd6 cxd6 13. Nd2 f5 14. f3 f4 15. Bf2 g5 16. Nc4 Nf6 17. Nb5 Ne8 18. Rc1 h5 19. Qc2 Bh6 20. Qb3 Ng6 21. Nb6 Rb8 22. Rc3 Bd7 23. Rfc1 Qe7 24. Rc7 Nxc7 25. Rxc7 Rfd8 26. Qa3 Bf8 27. Be1 Qe8 28. Qa4 g4 29. hxg4 hxg4 30. Kf1 g3 31. Bxa5 Qe7 32. Qa3 Qh4 33. Ke1 Qh1+ 34. Bf1 Qg1 35. Qb4 Qf2+ 36. Kd1 Qxf1+ 0-1


[Site "https://www.chess.com"]

[Event "Titled Tuesday Blitz August 15 Late 2023"]
[White "szachmistrz2500"]
[Black "Pein, Malcolm"]
[BlackFideId "400289"]
[WhiteElo "2495"]
[BlackElo "2301"]
[Result "1-0"]
[Round "4"]
[TimeControl "180+1"]
[Date "2023.08.15"]
[WhiteClock "0:01:01"]
[BlackClock "0:00:00"]
[Board "127"]

1. Nf3 Nf6 2. g3 b6 3. Bg2 Bb7 4. O-O e6 5. d3 d5 6. Nbd2 Nbd7 7. Qe1 Bc5 8. c3 O-O 9. b4 Bd6 10. a4 c5 11. Ba3 Re8 12. e4 dxe4 13. dxe4 Ne5 14. Qe2 cxb4 15. cxb4 Qe7 16. Nxe5 Bxe5 17. Rac1 Bd4 18. Nc4 e5 19. b5 Bc5 20. Bxc5 Qxc5 21. Na5 Qe7 22. Nc6 Bxc6 23. Rxc6 Nd7 24. a5 Nc5 25. axb6 axb6 26. Rxb6 Ne6 27. Ra6 Nd4 28. Qd3 Rab8 29. Rb1 Rec8 30. b6 Rc3 31. Qd1 Qc5 32. b7 Rc2 33. Ra8 Qc7 34. Rxb8+ Qxb8 35. f4 h6 36. fxe5 Rc4 37. Qd3 Ra4 38. e6 Nxe6 39. e5 Qa7+ 40. Kh1 Qb8 41. Qd6 1-0


[Site "https://www.chess.com"]

[Event "Titled Tuesday Blitz August 15 Late 2023"]
[White "rikchessmx"]
[Black "arenal72"]
[WhiteElo "2299"]
[BlackElo "2492"]
[Result "0-1"]
[Round "4"]
[TimeControl "180+1"]
[Date "2023.08.15"]
[WhiteClock "0:01:30"]
[BlackClock "0:01:58"]
[Board "128"]

1. e4 Nc6 2. Nf3 d6 3. d4 Nf6 4. h3 Nxe4 5. d5 Nb8 6. Qd4 Nf6 7. g4 c5 8. Qd1 e6 9. c4 exd5 10. g5 Nfd7 11. Qxd5 Nc6 12. Nc3 Nb4 13. Qd1 Be7 14. h4 Nc6 15. Be3 Nde5 16. Nxe5 Nxe5 17. Be2 O-O 18. f4 Nc6 19. Qd2 Bf5 20. O-O-O a6 21. Bd3 Qd7 22. h5 b5 23. a3 Na5 24. Nd5 Nb3+ 25. Kc2 Nxd2 0-1


[Site "https://www.chess.com"]

[Event "Titled Tuesday Blitz August 15 Late 2023"]
[White "Seletsky, Grigory"]
[Black "6PackPlayer"]
[WhiteFideId "14112191"]
[WhiteElo "2490"]
[BlackElo "2294"]
[Result "1/2-1/2"]
[Round "4"]
[TimeControl "180+1"]
[Date "2023.08.15"]
[WhiteClock "0:02:00"]
[BlackClock "0:02:15"]
[Board "129"]

1. e4 e5 2. Nf3 Nc6 3. Bb5 a6 4. Bxc6 dxc6 5. d4 exd4 6. Qxd4 Qxd4 7. Nxd4 Bd7 8. Be3 O-O-O 9. Nd2 c5 10. Ne2 f6 11. O-O-O b6 12. f3 Ne7 13. Nc3 Ng6 14. Nd5 Bc6 15. Nf4 Ne5 16. Ne6 Re8 17. Nxf8 Rhxf8 18. Bf4 Ng6 19. Bg3 f5 20. exf5 Rxf5 21. Rhe1 Ref8 22. Nc4 h5 23. Re6 R5f6 24. Rxf6 Rxf6 25. h3 h4 26. Bh2 b5 27. Ne5 Nxe5 28. Bxe5 Rg6 29. Rd2 Rg5 30. Bf4 Rg6 31. Kd1 a5 32. Be3 c4 33. c3 Rxg2 34. Rxg2 Bxf3+ 35. Ke1 Bxg2 36. Bg5 Bxh3 37. Bxh4 Bf5 38. Kf2 Kd7 39. Ke3 Ke6 40. Kf4 Bb1 41. a3 c5 42. Bd8 Kd5 43. Bxa5 g5+ 44. Kxg5 Ke4 45. Kf6 Kd3 46. Ke5 Kc2 47. Kd5 Kxb2 48. Kxc5 Kxa3 49. Kxb5 Kb3 50. Bb4 Bd3 51. Kc5 Be2 52. Kd4 Bd3 1/2-1/2


[Site "https://www.chess.com"]

[Event "Titled Tuesday Blitz August 15 Late 2023"]
[White "Tomb, Maroun"]
[Black "Ai, Evan"]
[WhiteFideId "5300398"]
[BlackFideId "2094770"]
[WhiteElo "2488"]
[BlackElo "2271"]
[Result "1-0"]
[Round "4"]
[TimeControl "180+1"]
[Date "2023.08.15"]
[WhiteClock "0:00:20"]
[BlackClock "0:00:10"]
[Board "130"]

1. e4 e5 2. Nf3 Nc6 3. Bb5 a6 4. Ba4 Nf6 5. d4 b5 6. Bb3 Nxd4 7. Nxd4 exd4 8. e5 Qe7 9. O-O Ng8 10. Qxd4 Bb7 11. c4 Qc5 12. Qf4 Nh6 13. Nc3 Be7 14. Be3 Qc6 15. Nd5 Bd8 16. Rac1 Qg6 17. h3 Qf5 18. Qg3 Qg6 19. Qh2 Nf5 20. Bc2 Qe6 21. Nf4 Qc6 22. Rfe1 Nxe3 23. Rxe3 Be7 24. Be4 Qb6 25. Nd5 Bxd5 26. cxd5 Bc5 27. Re2 O-O-O 28. a3 a5 29. b4 axb4 30. axb4 Bxb4 31. Rb1 Bc5 32. Reb2 c6 33. e6 d6 34. dxc6 b4 35. exf7 Kc7 36. Bd5 Rhf8 37. Qg3 g6 38. Qg5 Kb8 39. Qe7 Qc7 40. Rxb4+ Bxb4 41. Rxb4+ Kc8 42. Be6+ 1-0


[Site "https://www.chess.com"]

[Event "Titled Tuesday Blitz August 15 Late 2023"]
[White "Kirillov, Dmitry"]
[Black "Kula, Robert"]
[WhiteFideId "34180572"]
[BlackFideId "1101218"]
[WhiteElo "2485"]
[BlackElo "2265"]
[Result "0-1"]
[Round "4"]
[TimeControl "180+1"]
[Date "2023.08.15"]
[WhiteClock "0:00:01"]
[BlackClock "0:00:17"]
[Board "131"]

1. Nf3 d5 2. d4 Nf6 3. c4 c6 4. e3 Bf5 5. cxd5 Nxd5 6. Nc3 e6 7. Bd3 Bxd3 8. Qxd3 Be7 9. O-O O-O 10. e4 Nb6 11. a4 a5 12. h4 N8d7 13. Bg5 h6 14. Bxe7 Qxe7 15. e5 Nd5 16. Ne4 Nb4 17. Qe2 Nb6 18. g3 Rad8 19. Kg2 N6d5 20. Rac1 Kh8 21. Nfg5 Kg8 22. Qh5 f6 23. Nf3 f5 24. Nd6 Nd3 25. Kh2 N3f4 26. gxf4 Nxf4 27. Rg1 Nxh5 28. Nc4 Rxd4 29. Nxd4 Qxh4+ 30. Kg2 Qxd4 31. Rgd1 Qg4+ 32. Kf1 Nf4 33. Ne3 Qe2+ 34. Kg1 Nh3+ 35. Kg2 Qxf2+ 36. Kxh3 Qxe3+ 37. Kg2 Qe4+ 38. Kf2 Qxe5 39. Rc3 Qf4+ 40. Rf3 Qh4+ 41. Ke2 e5 42. Rd7 e4 43. Rf1 Qg4+ 44. Ke3 f4+ 45. Kxe4 Qxd7 0-1


[Site "https://www.chess.com"]

[Event "Titled Tuesday Blitz August 15 Late 2023"]
[White "Itkis, Boris"]
[Black "LuxLinster"]
[WhiteFideId "1209167"]
[WhiteElo "2484"]
[BlackElo "2263"]
[Result "1-0"]
[Round "4"]
[TimeControl "180+1"]
[Date "2023.08.15"]
[WhiteClock "0:01:47"]
[BlackClock "0:00:28"]
[Board "132"]

1. c4 e5 2. Nf3 e4 3. Nd4 Nc6 4. e3 Nf6 5. Nc3 Bc5 6. Nde2 Ne5 7. Ng3 Nd3+ 8. Bxd3 exd3 9. a3 a5 10. O-O d6 11. b3 h5 12. Bb2 Qe7 13. Qf3 h4 14. Nf5 Bxf5 15. Qxf5 h3 16. g3 Nd7 17. Nd5 Qd8 18. Bxg7 Rg8 19. Bf6 Qc8 20. Qe4+ Ne5 21. Bxe5 dxe5 22. Qxe5+ Kd7 23. Nf6+ Kd8 24. Qxc5 Rg6 25. Qf8# 1-0


[Site "https://www.chess.com"]

[Event "Titled Tuesday Blitz August 15 Late 2023"]
[White "Vaglio Munoz, Jaime"]
[Black "Merino Garcia, Rafael II"]
[WhiteFideId "6500145"]
[BlackFideId "2209128"]
[WhiteElo "2248"]
[BlackElo "2481"]
[Result "0-1"]
[Round "4"]
[TimeControl "180+1"]
[Date "2023.08.15"]
[WhiteClock "0:00:19"]
[BlackClock "0:00:09"]
[Board "133"]

1. Nf3 Nf6 2. c4 e6 3. b3 d5 4. Bb2 Nbd7 5. g3 Be7 6. Bg2 O-O 7. O-O b6 8. a3 Bb7 9. d3 a6 10. Re1 h6 11. Nc3 dxc4 12. dxc4 Nc5 13. b4 Nce4 14. Nxe4 Bxe4 15. Nd4 Bxg2 16. Kxg2 Qd7 17. e3 c5 18. Nc2 Qc6+ 19. Qf3 Qxf3+ 20. Kxf3 Rfd8 21. Red1 Rac8 22. b5 axb5 23. cxb5 Nd5 24. e4 Nc7 25. a4 Bf6 26. Bxf6 gxf6 27. Ne3 Kf8 28. Nc4 Na8 29. Ke3 Ke7 30. f4 Rb8 31. Rxd8 Rxd8 32. a5 bxa5 33. Nxa5 Rc8 34. Nc6+ Kd6 35. e5+ fxe5 36. fxe5+ Kc7 37. Ra7+ Kb6 38. Rxf7 Nc7 39. Ke4 Ra8 40. Kf3 Kxb5 41. Ne7 Ra3+ 42. Kg4 c4 43. Ng6 Nd5 44. Nf8 c3 45. Rf2 Ra6 46. Nd7 Rc6 47. Nf6 Kc4 48. Ne4 Kd3 49. Kf3 Rc8 50. Ra2 Rf8+ 51. Nf6 Nxf6 52. exf6 Rxf6+ 53. Kg2 c2 54. Ra8 c1=Q 55. Rd8+ Ke3 56. Kh3 Qf1+ 57. Kh4 Rf5 58. g4 Qf2+ 59. Kh3 Rf3# 0-1


[Site "https://www.chess.com"]

[Event "Titled Tuesday Blitz August 15 Late 2023"]
[White "Fernandez Bustamante, Leancy B."]
[Black "Michalczak, Thomas"]
[WhiteFideId "3523870"]
[BlackFideId "4622634"]
[WhiteElo "2235"]
[BlackElo "2478"]
[Result "0-1"]
[Round "4"]
[TimeControl "180+1"]
[Date "2023.08.15"]
[WhiteClock "0:00:07"]
[BlackClock "0:00:07"]
[Board "134"]

1. e4 e5 2. Nf3 Nc6 3. Nc3 Nf6 4. Bb5 Nd4 5. Bc4 Bc5 6. O-O O-O 7. h3 c6 8. d3 d5 9. exd5 cxd5 10. Bb3 Nxb3 11. axb3 e4 12. dxe4 dxe4 13. Ng5 Bf5 14. Ra4 Re8 15. Qe2 Qe7 16. Re1 e3 17. f4 h6 18. Nf3 a6 19. Ne5 b5 20. Ra5 Qc7 21. Ra1 Rxe5 22. fxe5 Qxe5 23. Bxe3 Bd6 24. Kf1 Nh5 25. Bf2 Ng3+ 26. Bxg3 Qxg3 27. Qf2 Qh2 28. Qxf5 Bg3 29. Qe4 Rd8 30. Rad1 Rc8 31. Re3 b4 32. Qg4 Qh1+ 33. Ke2 Qxg2+ 34. Kd3 Rd8+ 35. Kc4 Qc6+ 36. Kxb4 Bd6+ 37. Rxd6 Qxd6+ 38. Ka4 Qc6+ 39. Ka3 Qc5+ 40. b4 Qxe3 41. Qc4 Qxh3 42. b3 Rc8 43. Qxa6 Qxc3 44. Ka4 Qxc2 45. Kb5 Qd3+ 46. Ka5 Qxa6+ 47. Kxa6 Rc3 0-1


[Site "https://www.chess.com"]

[Event "Titled Tuesday Blitz August 15 Late 2023"]
[White "Bochnicka, Vladimir"]
[Black "Kovacevic, Radmila"]
[WhiteFideId "14943450"]
[BlackFideId "933171"]
[WhiteElo "2478"]
[BlackElo "2227"]
[Result "0-1"]
[Round "4"]
[TimeControl "180+1"]
[Date "2023.08.15"]
[WhiteClock "0:00:02"]
[BlackClock "0:00:30"]
[Board "135"]

1. e4 e5 2. Nf3 d5 3. Nxe5 Bd6 4. d4 dxe4 5. Nc4 Be7 6. Ne3 Nf6 7. Be2 c6 8. O-O O-O 9. c4 Re8 10. Nc3 Nbd7 11. b3 Nf8 12. Bb2 Ng6 13. Re1 Nf4 14. Bf1 Qc7 15. Qc2 Bb4 16. a3 Bxc3 17. Bxc3 Bg4 18. d5 Bh5 19. Bxf6 gxf6 20. Nf5 Re5 21. Ng3 cxd5 22. Qd2 Rg5 23. cxd5 Rxd5 24. Qb2 Nd3 25. Bxd3 exd3 26. Qxf6 d2 27. Red1 Bxd1 28. Rxd1 Qc1 29. Qf3 Re5 30. Nf1 Re1 31. Qg4+ Kf8 32. Qb4+ Ke8 33. Qb5+ Ke7 34. Qxb7+ Kd6 35. Qb4+ Kc6 36. Qa4+ Kd5 37. Qb5+ Ke4 38. Qb4+ Kf5 39. Qb5+ Kg6 40. Qc6+ f6 41. Qxc1 dxc1=Q 42. Rxc1 Rxc1 0-1


[Site "https://www.chess.com"]

[Event "Titled Tuesday Blitz August 15 Late 2023"]
[White "olackza"]
[Black "Yeritsyan, Hayk"]
[BlackFideId "13307320"]
[WhiteElo "2208"]
[BlackElo "2471"]
[Result "0-1"]
[Round "4"]
[TimeControl "180+1"]
[Date "2023.08.15"]
[WhiteClock "0:00:13"]
[BlackClock "0:00:15"]
[Board "136"]

1. e4 c6 2. d4 d5 3. Nc3 dxe4 4. Nxe4 Nd7 5. Nf3 Ngf6 6. Ng3 e6 7. Be3 Bd6 8. Qd2 Qc7 9. O-O-O O-O 10. Bd3 c5 11. dxc5 Bxc5 12. Ng5 Bxe3 13. Qxe3 Ne5 14. N3e4 Nxd3+ 15. Rxd3 Nd5 16. Qh3 Qf4+ 17. Kb1 h6 18. Rf3 e5 19. Qh5 Bg4 20. Rxf4 Bxh5 21. Rh4 Bg6 22. Nf3 f6 23. Ng3 Rac8 24. Rc1 Rfd8 25. a3 Nf4 26. Rg4 Kf7 27. Ne1 Rd2 28. Nf1 Rxf2 29. Ne3 Re2 30. Rg3 Be4 31. h4 g5 32. hxg5 hxg5 33. Rg4 Ke6 34. Nf1 Bxg2 35. Ng3 Rf2 36. Nd3 Nxd3 37. cxd3 Rxc1+ 38. Kxc1 Bh3 39. Rb4 b6 40. Ne4 Bf5 41. Nxf2 g4 42. Rb5 g3 43. Ne4 Bxe4 44. dxe4 g2 45. Kc2 g1=Q 46. Rb3 Qd4 47. Rd3 Qxe4 48. Kd2 f5 49. Re3 Qd4+ 50. Rd3 Qxb2+ 51. Ke3 f4+ 52. Kf3 Qc2 53. Rd8 Qb3+ 54. Ke2 Qxa3 55. Kf2 Qc5+ 56. Ke2 Qc4+ 57. Kf3 Qd5+ 58. Rxd5 Kxd5 59. Ke2 e4 60. Kd1 b5 61. Kd2 b4 62. Ke1 a5 63. Kd1 a4 64. Kc1 Kc4 65. Kb1 e3 66. Ka2 f3 67. Kb2 f2 68. Ka2 e2 69. Kb2 Kd3 70. Ka2 Kc2 71. Ka1 e1=Q+ 72. Ka2 Qb1# 0-1


[Site "https://www.chess.com"]

[Event "Titled Tuesday Blitz August 15 Late 2023"]
[White "Petersson, Kjell"]
[Black "Yang, Kevin"]
[WhiteFideId "1705148"]
[BlackFideId "30908485"]
[WhiteElo "2189"]
[BlackElo "2465"]
[Result "0-1"]
[Round "4"]
[TimeControl "180+1"]
[Date "2023.08.15"]
[WhiteClock "0:00:00"]
[BlackClock "0:00:15"]
[Board "137"]

1. d4 Nf6 2. Bf4 e6 3. e3 c5 4. Nf3 b6 5. Nbd2 d5 6. c3 Be7 7. Ne5 O-O 8. Bd3 Nfd7 9. Qh5 g6 10. Nxg6 fxg6 11. Bxg6 Nf6 12. Qg5 hxg6 13. Qxg6+ Kh8 14. Be5 Qe8 15. Qh6+ Kg8 16. Qg5+ Kh7 17. Nf3 Qg6 18. Qh4+ Kg8 19. O-O-O Nc6 20. g4 Ne4 21. Qh8+ Kf7 22. Qh3 Ba6 23. Bf4 Ke8 24. Rhg1 Nxf2 25. Qg2 Nxd1 26. Rxd1 Qe4 27. h4 Kd7 28. h5 Rxf4 29. exf4 Qxf4+ 30. Kb1 Rg8 31. g5 Bxg5 32. Qe2 Bxe2 0-1


[Site "https://www.chess.com"]

[Event "Titled Tuesday Blitz August 15 Late 2023"]
[White "brm72"]
[Black "Sava, Christiansen-Danut-Eugen"]
[BlackFideId "1210114"]
[WhiteElo "2462"]
[BlackElo "2184"]
[Result "1-0"]
[Round "4"]
[TimeControl "180+1"]
[Date "2023.08.15"]
[WhiteClock "0:00:06"]
[BlackClock "0:00:00"]
[Board "138"]

1. e4 e6 2. d4 d5 3. e5 c5 4. c3 Nc6 5. Nf3 cxd4 6. cxd4 Nge7 7. Nc3 Nf5 8. a3 Be7 9. Be2 O-O 10. O-O Bd7 11. Be3 f6 12. exf6 Bxf6 13. Rc1 Qe7 14. Re1 Nxe3 15. fxe3 Bg5 16. Bd3 Bh6 17. Rc2 Rf7 18. e4 dxe4 19. Bxe4 Raf8 20. d5 Nd8 21. Ne5 Rf4 22. g3 R4f6 23. Qd3 g6 24. Kg2 Bg7 25. Nxd7 Qxd7 26. dxe6 Qe7 27. Nd5 Qxe6 28. Nxf6+ Qxf6 29. Bd5+ Kh8 30. Rf1 Qd6 31. Rxf8+ Bxf8 32. Qe4 h6 33. b4 Kh7 34. Bxb7 Bg7 35. Bd5 h5 36. h4 Qd7 37. Rf2 Qd6 38. Rc2 Kh6 39. a4 Kh7 40. b5 Qf6 41. Qf4 Qa1 42. Qc7 Qxa4 43. Rf2 Qxb5 44. Qxd8 Qb6 45. Qxb6 axb6 46. Bc4 Bd4 47. Rf7+ Kh6 48. Rf8 Bg7 49. Rb8 Bd4 50. Kf3 Kg7 51. Ke4 Bc5 52. Rd8 Kf6 53. Rd3 1-0


[Site "https://www.chess.com"]

[Event "Titled Tuesday Blitz August 15 Late 2023"]
[White "Villiers, Thomas"]
[Black "Florianovitz, Derlei Alex"]
[WhiteFideId "427209"]
[BlackFideId "2114178"]
[WhiteElo "2456"]
[BlackElo "2171"]
[Result "0-1"]
[Round "4"]
[TimeControl "180+1"]
[Date "2023.08.15"]
[WhiteClock "0:00:10"]
[BlackClock "0:00:04"]
[Board "139"]

1. c4 c5 2. Nf3 Nc6 3. b3 e5 4. Bb2 d6 5. d3 g6 6. e4 Bg7 7. Nbd2 Nge7 8. g3 Be6 9. Bg2 h6 10. O-O O-O 11. Ne1 a6 12. Nc2 b5 13. Ne3 Rb8 14. Nb1 Nd4 15. Nc3 f5 16. Ncd5 f4 17. Bxd4 cxd4 18. Nxe7+ Qxe7 19. Nd5 Bxd5 20. exd5 bxc4 21. bxc4 Rb2 22. Qg4 f3 23. Bh3 Kh7 24. Rfb1 Qb7 25. Re1 Rf6 26. Qe4 Qb4 27. Bg4 Rxf2 28. Red1 Qb2 29. Qe1 Rxh2 30. Qf1 Rg2+ 31. Kh1 Rxg3 32. Bh3 Rf4 33. Rab1 Qxa2 34. Ra1 Qc2 35. Rac1 Qa4 36. Ra1 Qe8 37. Ra2 Qe7 38. Rh2 Rh4 39. Rdd2 Qg5 40. Rdf2 Qf4 41. Be6 Rxh2+ 42. Rxh2 Bf6 43. Qb1 h5 44. Qb7+ Kh6 45. Qb1 f2 46. Qf1 Qf3+ 47. Rg2 Rh3+ 48. Bxh3 Qxh3+ 49. Rh2 Qxf1# 0-1


[Site "https://www.chess.com"]

[Event "Titled Tuesday Blitz August 15 Late 2023"]
[White "Jakic, Ivan"]
[Black "Quispe Santacruz, Javier"]
[WhiteFideId "14504901"]
[BlackFideId "3800920"]
[WhiteElo "2448"]
[BlackElo "2171"]
[Result "1-0"]
[Round "4"]
[TimeControl "180+1"]
[Date "2023.08.15"]
[WhiteClock "0:01:26"]
[BlackClock "0:00:00"]
[Board "140"]

1. e4 c5 2. Nf3 d6 3. d4 cxd4 4. Qxd4 Nc6 5. Bb5 Bd7 6. Bxc6 Bxc6 7. Nc3 Nf6 8. Bg5 e6 9. Qd3 Be7 10. Nd4 Qc7 11. f4 Rc8 12. O-O-O a6 13. Kb1 b5 14. Nxc6 Qxc6 15. e5 dxe5 16. fxe5 Nd7 17. Bxe7 Kxe7 18. Qg3 b4 19. Qg5+ Kf8 20. Rd6 Qc7 21. Rhd1 h6 22. Qh4 g5 23. Qxb4 Nc5 24. Ne4 Kg7 25. Nxc5 Qxc5 26. Qe4 Rc7 27. h4 Rb8 28. b3 a5 29. hxg5 hxg5 30. R6d2 Rb4 31. Qf3 a4 32. Qf6+ 1-0


[Site "https://www.chess.com"]

[Event "Titled Tuesday Blitz August 15 Late 2023"]
[White "Ottosen, David"]
[Black "ExchangeAB"]
[WhiteFideId "2603080"]
[WhiteElo "2126"]
[BlackElo "2442"]
[Result "0-1"]
[Round "4"]
[TimeControl "180+1"]
[Date "2023.08.15"]
[WhiteClock "0:01:40"]
[BlackClock "0:01:10"]
[Board "141"]

1. e4 c6 2. d4 d5 3. e5 Bf5 4. Nf3 e6 5. Be2 Ne7 6. O-O h6 7. Re1 Nd7 8. h3 g5 9. Nh2 Bg7 10. c3 O-O 11. Nd2 Qc7 12. Ndf1 c5 13. Ng3 Bg6 14. Bh5 cxd4 15. cxd4 Rac8 16. Be3 Qc2 17. Bxg6 Nxg6 18. Qh5 Qxb2 19. Ng4 f5 20. Nxh6+ Bxh6 21. Qxg6+ Bg7 22. Nh5 Rf7 23. Bxg5 Nf8 24. Nf6+ Rxf6 25. Qh5 Rf7 26. Rab1 Qxd4 27. Bf6 Bxf6 28. exf6 Qxf6 29. Re3 Rg7 0-1


[Site "https://www.chess.com"]

[Event "Titled Tuesday Blitz August 15 Late 2023"]
[White "Kubatko, Ivan"]
[Black "Joubert, Dantelle"]
[WhiteFideId "24111473"]
[BlackFideId "14310813"]
[WhiteElo "2441"]
[BlackElo "2073"]
[Result "1-0"]
[Round "4"]
[TimeControl "180+1"]
[Date "2023.08.15"]
[WhiteClock "0:00:03"]
[BlackClock "0:00:00"]
[Board "142"]

1. e4 c5 2. c3 g6 3. d4 cxd4 4. cxd4 d5 5. exd5 Nf6 6. Nc3 Bg7 7. Qb3 O-O 8. g3 Nbd7 9. a4 Nb6 10. Bg2 e6 11. Nf3 Nfxd5 12. O-O Nxc3 13. bxc3 Qc7 14. Bf4 Qc4 15. Qxc4 Nxc4 16. Rfb1 Rd8 17. a5 Bd7 18. Rxb7 Bc6 19. Rc7 Bd5 20. Ng5 Bxg2 21. Kxg2 e5 22. Rxc4 exf4 23. gxf4 h6 24. Nf3 Rd5 25. Ne5 Rb8 26. a6 Rb2 27. Kf3 g5 28. Nd3 Rd2 29. Ke3 Rc2 30. Rb1 gxf4+ 31. Nxf4 Rf5 32. Rb8+ Kh7 33. Rb7 h5 34. Ke4 1-0


[Site "https://www.chess.com"]